 Dungeon Crawl Stone Soup version 0.28.0 (webtiles) character file.

Game seed: 16389941665011101807

3648 pkoi the Frost Mage (level 9, -3/62 HPs)
             Began as a White Draconian Ice Elementalist on Feb 17, 2022.
             Was a Priest of Sif Muna.
             Slain by an orc knight (10 damage)
             ... in a bailey.
             The game lasted 00:18:05 (9077 turns).

pkoi the Frost Mage (DrIE)                          Turns: 9077, Time: 00:18:06

Health: -3/62      AC: 21    Str: 11    XL:     9   Next: 88%
Magic:  21/27      EV: 12    Int: 20    God:    Sif Muna [***...]
Gold:   338        SH:  0    Dex: 11    Spells: 8/20 levels left

rFire   x . .      SeeInvis .   a - +3 shortbow (flame)
rCold   + + .      Faith    .   (shield currently unavailable)
rNeg    . . .      Spirit   .   (armour unavailable)
rPois   .          Reflect  .   (helmet restricted)
rElec   .          Harm     .   c - +0 cloak
rCorr   .          Rampage  .   C - +0 pair of gloves
Will    .....                   n - +1 pair of boots
Stlth   ++........              (no amulet)
HPRegen 0.20/turn               B - ring of ice
MPRegen 0.20/turn               y - ring of magical power

@: ice-armoured, short of breath, freezing walls
A: breathe frost, AC +7, unfitting armour, cold resistance 1, cold-blooded
a: Breathe Frost, Renounce Religion, Channel Magic, Forget Spell


You were in a bailey.
You worshipped Sif Muna.
Sif Muna was most pleased with you.
You visited 2 branches of the dungeon, and saw 9 of its levels.
You also visited: Bailey.

You collected 488 gold pieces.
You spent 150 gold pieces at shops.

Inventory:

Hand Weapons
 a - a +3 shortbow of flaming (weapon)
 b - a +0 whip
Missiles
 r - 62 arrows (quivered ammo)
 z - 2 boomerangs of dispersal
Armour
 c - a +0 cloak (worn)
 n - a +1 pair of boots (worn)
 C - a +0 pair of gloves (worn)
Jewellery
 g - a +6 ring of dexterity
 s - a ring of fire
 v - an amulet of reflection
 y - a ring of magical power (right hand)
 B - a ring of ice (left hand)
 D - a ring of positive energy
Wands
 A - a wand of polymorph (7)
Scrolls
 e - a scroll of teleportation
 h - a scroll of magic mapping
 m - 2 scrolls of blinking
 o - 3 scrolls of enchant weapon
 t - a scroll of amnesia
 w - 2 scrolls of fog
 x - 2 scrolls of enchant armour
Potions
 f - 6 potions of heal wounds
 j - a potion of invisibility
 l - a potion of haste
 q - 2 potions of curing
 u - 2 potions of resistance
 E - 2 potions of cancellation
 F - a potion of mutation


   Skills:
 * Level 7.1 Bows
 - Level 1.7 Dodging
 - Level 1.7 Stealth
 - Level 6.0 Spellcasting
 - Level 3.0 Conjurations
 - Level 3.0 Translocations
 + Level 11.7 Ice Magic


You had 8 spell levels left.
You knew the following spells:

 Your Spells              Type           Power      Damage    Failure   Level
b - Frozen Ramparts       Ice            100%       1d12      1%          3
c - Ozocubu's Armour      Ice            68%        N/A       1%          3
d - Blink                 Tloc           36%        N/A       4%          2
e - Hailstorm             Conj/Ice       52%        3d12      4%          4

Your spell library contained the following spells:

 Spells                   Type           Power      Damage    Failure   Level
 Freeze                   Ice            100%       1d11      1%          1
 Sting                    Tmut/Pois      24%        1d4       11%         1
 Poisonous Vapours        Pois/Air       12%        N/A       16%         2
 Tukima's Dance           Hex            6%         N/A       30%         3
 Passage of Golubria      Tloc           18%        N/A       30%         4
 Freezing Cloud           Conj/Ice/Air   19%        6-21      36%         5
 Manifold Assault         Tloc           18%        N/A       63%         5
 Olgreb's Toxic Radiance  Pois           6%         N/A       71%         4
 Lightning Bolt           Conj/Air       6%         1d18      83%         5
 Blade Hands              Tmut           3%         N/A       96%         5
 Silence                  Hex/Air        3%         N/A       96%         5
 Yara's Violent Unravell  Hex/Tmut       3%         3d4       96%         5
 Iron Shot                Conj/Erth      6%         9d2       100%        6
 Storm Form               Tmut/Air       3%         N/A       100%        7
 Lehudib's Crystal Spear  Conj/Erth      6%         10d3      100%        8
 Animate Armour           Summ/Erth      Unusable   N/A       N/A         4

Dungeon Overview and Level Annotations

Branches:
Dungeon (8/15)             Temple (1/1) D:4          Bailey (1/1)
   Lair: D:8-11

Altars:
Ashenzari
Cheibriados
Dithmenos
Fedhas
Gozag
Hepliaklqana
Kikubaaqudgha
Makhleb
Nemelex Xobeh
Okawaru
Ru
Sif Muna
Trog
Uskayaw
Vehumet
Wu Jian
Xom
Yredelemnul
The Shining One

Shops:
D:4 (!(!!   D:8 [

Annotations:
D:4 2 transporters Bailey 3 runed translucent doors


Innate Abilities, Weirdness & Mutations

You can breathe waves of freezing cold which knock back foes.
Your icy white scales are hard. (AC +7)
You cannot fit into any form of body armour.
Your flesh is cold resistant. (rC+)
You are cold-blooded and may be slowed by cold attacks.


Message History

Press: ? - help, Q - select action, (/) - cycle Shift-Dir - straight line, f - orc knight
Aim: an orc knight, wielding a +0 broad axe and wearing a +0 chain mail (lightly wounded, fast, 60% to hit)
You shoot an arrow. The arrow hits the orc knight.
The arrow burns the orc knight.
The orc knight is lightly wounded.
The wall freezes the orc knight.
The orc knight hits you with a +0 broad axe!
* * * LOW HITPOINT WARNING * * *
Fire: 64 arrows
Press: ? - help, Q - select action, (/) - cycle Shift-Dir - straight line, f/p - orc knight
Aim: an orc knight, wielding a +0 broad axe and wearing a +0 chain mail (moderately wounded, fast, 60% to hit)
You shoot an arrow.
The arrow hits the orc knight but does no damage.
The orc knight is moderately wounded.
The wall freezes the orc knight!
The orc knight misses you.
Press: ? - help, v - describe, . - travel, g - get item
Here: an orc knight, wielding a +0 broad axe and wearing a +0 chain mail (moderately wounded, fast) Item here: 2 arrows.
An open door.
Unknown command.
Fire: 63 arrows
Press: ? - help, Q - select action, (/) - cycle Shift-Dir - straight line, f/p - orc knight
Aim: an orc knight, wielding a +0 broad axe and wearing a +0 chain mail (moderately wounded, fast, 60% to hit)
You shoot an arrow.
The arrow hits the orc knight but does no damage.
The orc knight is moderately wounded.
The wall freezes the orc knight.
The orc knight hits you with a +0 broad axe.
* * * LOW HITPOINT WARNING * * *
The wall freezes the orc knight.
The orc knight hits you with a +0 broad axe!!
* * * LOW HITPOINT WARNING * * *
Aiming: Breathe Frost (4% risk of failure)
Press: ? - help, Shift-Dir - straight line, f/p - orc knight
Aim: an orc knight, wielding a +0 broad axe and wearing a +0 chain mail (heavily wounded, fast, 64% to hit)
You exhale a wave of freezing cold.
The freezing breath misses the orc knight.
The wall freezes the orc knight.
The orc knight hits you with a +0 broad axe!
You die...

.....##.....##([[..##
..8...##'''##.(.8...##
..........(..........##
......................#
..8.............8..8..#
......................#
....####...####(.....##
...##≈≈#####≈≈##....##♣
...#≈)!8...8!=≈#@(.##.♣
##'#≈.........≈#o###..♣♣
≈≈.#≈..8o..8..≈#.≈≈≈...♣
≈≈.##.........##.≈≈≈...♣♣
≈≈.#≈....∩....≈#.≈(≈...∩♣
≈≈.#≈.........≈#.≈≈≈...♣♣
≈≈.#≈≈.8...8.≈≈#.[≈≈...♣
##'###.......###[###[.♣♣
....#≈.8...8.≈#[[..##.♣


You could see an orc knight (fast).

Vanquished Creatures
  An orc knight (Bailey)
  A hornet (D:7)
  3 yaks (D:8)
  A water moccasin (D:6)
  2 orc warriors (Bailey)
  A necrophage (D:5)
  2 sky beasts (D:6)
  A hornet zombie (D:6)
  An ogre (D:3)
  A centaur (D:6)
  2 phantoms
  Blork the orc (D:4)
  4 bullfrogs
  3 scorpions
  3 water moccasin skeletons
  2 howler monkeys
  A centaur zombie (D:6)
  2 hounds
  2 bullfrog zombies (D:5)
  2 centaur skeletons
  2 gnoll shamans
  3 orc priests (D:6)
  A jelly (D:6)
  5 iguanas
  2 killer bee zombies
  Robin (D:4)
  15 gnolls
  8 adders
  A white imp (D:5)
  2 worms
  3 dart slugs
  13 orcs
  6 endoplasms
  3 giant cockroaches
  20 goblins
  12 hobgoblins
  2 jackals (D:2)
  3 quokkas
  6 ball pythons
  4 bats
  2 frilled lizards (D:1)
  21 kobolds
  5 rats
176 creatures vanquished.

Vanquished Creatures (others)
  7 fungi (D:1)
  5 toadstools (D:1)
12 creatures vanquished.

Grand Total: 188 creatures vanquished

Notes
Turn   | Place    | Note
-------+----------+-------------------------------------------
     0 | D:1      | pkoi the Draconian Ice Elementalist began the quest for the
                  | Orb.
     0 | D:1      | Reached XP level 1. HP: 14/14 MP: 3/3
   538 | D:1      | Reached XP level 2. HP: 20/20 MP: 3/5
   674 | D:1      | Found a faded altar of an unknown god.
  1031 | D:1      | Reached skill level 5 in Ice Magic
  1033 | D:1      | Reached XP level 3. HP: 20/26 MP: 0/6
  1744 | D:2      | Learned a level 3 spell: Frozen Ramparts
  2176 | D:3      | Reached XP level 4. HP: 33/33 MP: 5/7
  2302 | D:3      | Noticed an ogre
  2325 | D:3      | Killed an ogre
  2326 | D:3      | Reached skill level 6 in Ice Magic
  2326 | D:3      | Reached XP level 5. HP: 20/38 MP: 1/8
  2627 | D:4      | Found Oczat's Antique Weapon Shoppe.
  2636 | D:4      | Bought a runed shortbow for 150 gold pieces
  2733 | D:4      | Found Jannou's Distillery.
  2765 | D:4      | Noticed Blork the orc
  2776 | D:4      | Killed Blork the orc
  2777 | D:4      | Reached skill level 7 in Ice Magic
  3164 | D:4      | Reached XP level 6. HP: 45/45 MP: 5/9
  3248 | D:4      | Found Kuir's Distillery.
  3322 | D:4      | Found a staircase to the Ecumenical Temple.
  3338 | D:4      | Found a transporter.
  3352 | Temple   | Entered the Ecumenical Temple
  3476 | Temple   | Became a worshipper of Sif Muna the Loreminder
  3612 | D:4      | Found a transporter.
  3660 | D:4      | Noticed Robin
  3672 | D:4      | Killed Robin
  3673 | D:4      | Reached skill level 1 in Bows
  4041 | D:4      | Found Raclup's Distillery.
  4235 | D:4      | Found Osahutug's Antique Weapon Boutique.
  4348 | D:5      | Entered Level 5 of the Dungeon
  4358 | D:5      | Your scales start taking on an icy white colour.
  4358 | D:5      | Reached skill level 9 in Ice Magic
  4358 | D:5      | Reached XP level 7. HP: 39/50 MP: 11/11
  4358 | D:5      | Gained mutation: Your flesh is cold resistant. (rC+) [White
                  | Draconian growth]
  4598 | D:5      | Found a bloodstained altar of Trog.
  4844 | D:5      | Reached * piety under Sif Muna
  5724 | D:5      | Learned a level 2 spell: Blink
  5728 | D:5      | Learned a level 3 spell: Ozocubu's Armour
  5733 | D:5      | Learned a level 4 spell: Hailstorm
  5789 | D:5      | Reached XP level 8. HP: 57/57 MP: 10/14
  6129 | D:6      | Reached skill level 10 in Ice Magic
  6283 | D:6      | Reached skill level 1 in Conjurations
  6283 | D:6      | Reached skill level 1 in Translocations
  6926 | D:6      | Reached skill level 5 in Spellcasting
  6935 | D:6      | Reached ** piety under Sif Muna
  7222 | D:6      | Reached XP level 9. HP: 62/62 MP: 10/16
  7340 | D:7      | Found an iron altar of Okawaru.
  7431 | D:7      | Reached skill level 5 in Bows
  8001 | D:7      | Found an ancient bone altar of Kikubaaqudgha.
  8126 | D:7      | Found a basalt altar of Yredelemnul.
  8145 | D:7      | Found a sacrificial altar of Ru.
  8264 | D:8      | Found Kaepoh's Armour Shoppe.
  8274 | D:8      | Reached skill level 11 in Ice Magic
  8376 | D:8      | Got the Catalogue of Lightness
  8455 | D:8      | Found a flagged portal.
  8470 | Bailey   | Entered a bailey
  8476 | Bailey   | Noticed an orc warlord
  8597 | Bailey   | Noticed an orc knight
  8608 | Bailey   | Reached *** piety under Sif Muna
  8614 | Bailey   | Killed an orc knight
  8879 | Bailey   | Found a runed translucent gate.
  8879 | Bailey   | Found a runed translucent gate.
  8879 | Bailey   | Found a runed translucent gate.
  9065 | Bailey   | Noticed an orc knight
  9077 | Bailey   | Slain by an orc knight

Illustrated notes

Levels and vault maps discovered:
D:1:      lemuel_arrival_broad_hall, layout_loops_cross,
          hellmonk_ecumenical_altar_arch_garden, st_stairs_14,
          dk_noncrumbling_4, minmay_gold_behind_fungi, grunt_decor_cap
D:2:      layout_rooms
D:3:      layout_rooms
D:4:      gammafunk_steamed_eel, layout_loops_corners,
          minmay_temple_entry_statues_pillars, serial_shops, shop,
          shop_fountains, nicolae_shop_advertising_works
          [nicolae_subvault_shop_adworks], nicolae_stop_n_shop_2, shop,
          uniq_robin, uniq_blork_the_orc
D:5:      layout_cave_pods, mainiacjoe_overflow_chevrons, minmay_bent
D:6:      layout_basic
D:7:      layout_cave_pools, grunt_temple_overflow_open,
          nicolae_overflow_crystal_walls, lemuel_round_altar,
          serial_column_ruins, column_ruins_hut, column_ruins_open_small,
          column_ruins_open_medium, column_ruins_corridor_water,
          column_ruins_open_tiny
D:8:      layout_rooms, chequers_ossuary_entry_cave, enter_bailey_3,
          gammafunk_ghost_spectres, serial_shops, shop
Temple:   jpeg_temple_clearing
Bailey:   bailey_axe_bossmonster_kennysheep, bailey

Skill      XL: |  1  2  3  4  5  6  7  8  9 |
---------------+----------------------------+-----
Ice Magic      | 5 6 7 9 10 11 | 11.7
Bows           | 2 3 4 7 |  7.1
Spellcasting   | 3 4 5 6 |  6.0
Conjurations   | 3 |  3.0
Translocations | 3 |  3.0
Dodging        | |  1.7
Stealth        | |  1.7

Action                   |  1- 3 |  4- 6 |  7- 9 || total
-------------------------+-------+-------+-------++-------
Melee: Unarmed           |    12 |       |       ||    12
       Whip              |    51 |       |       ||    51
       Tailslap          |     8 |       |       ||     8
       Punch             |     2 |       |       ||     2
 Fire: Shortbow          |       |    71 |   282 ||   353
 Cast: Freeze            |    49 |     7 |       ||    56
       Frozen Ramparts   |       |     9 |    34 ||    43
       Ozocubu's Armour  |       |       |    27 ||    27
       Blink             |       |       |     2 ||     2
 Abil: Breathe Frost     |       |       |     1 ||     1
  Use: Scroll            |       |       |    18 ||    18
 Stab: Sleeping          |     1 |       |       ||     1
Armor: Skin              |    33 |     8 |    55 ||    96
Dodge: Dodged            |    52 |    18 |    67 ||   137
